 Dungeon Crawl Stone Soup version 0.31-a0-1163-gcee99d1eea (webtiles) character file.

Game seed: 8973529168755209600

475 Gargoyl the Chopper (level 7, -1/44 HPs)
             Began as a Gargoyle Berserker on Dec 9, 2023.
             Was a Believer of Trog.
             Slain by a wight
             ... wielding a +0 great sword
              (12 damage)
             ... on level 3 of the Dungeon.
             The game lasted 00:04:05 (2647 turns).

Gargoyl the Chopper (Gargoyle Berserker)            Turns: 2647, Time: 00:04:05

Health: -1/44      AC: 15    Str: 20    XL:     7   Next: 10%
Magic:  7/7        EV:  9    Int:  8    God:    Trog [**....]
Gold:   194        SH:  0    Dex: 11    Spells: 6/6 levels left

rFire   . . .        h - +0 war axe
rCold   . . .        (no shield)
rNeg    + . .        k - +0 chain mail
rPois   ∞            (no helmet)
rElec   +            (no cloak)
rCorr   .            (no gloves)
SInv    +            f - +0 pair of boots
Will    ++...        (no amulet) Stlth
                     d - ring of see invisible
HPRegen 1.27/turn    (no ring)
MPRegen 0.10/turn

%: no passive effects
@: strong-willed, on berserk cooldown, regenerating, slowed, studying Armour,
very slow
A: sickness immunity, AC +4, negative energy resistance 1, electricity
resistance, torment resistance 1, petrification resistance
a: Renounce Religion, Berserk, Trog's Hand


You were on level 3 of the Dungeon.
You worshipped Trog.
Trog was pleased with you.
You visited 1 branch of the dungeon, and saw 3 of its levels.

You collected 194 gold pieces.

Inventory:

Hand Weapons
 a - a +0 hand axe
 h - a +0 war axe (weapon)
Armour
 f - a +0 pair of boots (worn)
 k - a +0 chain mail (worn)
Jewellery
 d - a ring of see invisible (left hand)
Wands
 j - a wand of polymorph (6)
 l - a wand of mindburst (14)
Scrolls
 b - a scroll of vulnerability
 c - 2 scrolls of identify
 g - 4 scrolls of teleportation
Potions
 e - 2 potions of might {unknown}
 i - a potion of ambrosia {unknown}


   Skills:
 + Level 4.7 Fighting
 + Level 5.3 Axes
 + Level 4.6 Armour
 + Level 2.8 Dodging
 + Level 0.1 Stealth


You had 6 spell levels left.
You didn't know any spells.
Your spell library was empty.

Dungeon Overview and Level Annotations

Branches:
Dungeon (3/15)

Altars:
Wu Jian

Shops:
D:1 (


Innate Abilities, Weirdness & Mutations

You are immune to sickness and miasma.
Your stone body is resilient. (AC +4)
You are immune to poison.
You resist negative energy. (rN+)
You are resistant to electric shocks. (rElec)
You are resistant to unholy torment.
You are immune to petrification.


Message History

The wight hits you but does no damage.
You barely miss the wight.
The wight is lightly damaged.
You slash the wight!
The wight is severely damaged.
The wight barely misses you.
You closely miss the wight.
The wight is severely damaged.
The wight hits you with a +0 falchion.
You slash the wight!
You destroy the wight!
Trog accepts your kill.
You have reached level 7!
A wight comes into view. It is wielding a +0 dire flail.
The wight moves out of view.
l - a wand of mindburst (14)
Things that are here:
a +0 falchion; a +0 robe You feel a strong urge to attack something.
You are no longer berserk.
You are exhausted.
You feel yourself slow down.
Things that are here:
a +0 falchion; a +0 robe You slash the wight!
The wight is severely damaged.
The wight hits you but does no damage.
A wight comes into view. It is wielding a +0 great sword.
You hit the wight but do no damage. You closely miss the wight.
The wight hits you but does no damage.
The wight hits you with a +0 great sword!
* * * LOW HITPOINT WARNING * * *
The wight hits you but does no damage.
The wight hits you with a +0 great sword.
* * * LOW HITPOINT WARNING * * *
Your skin crawls.
You feel strong-willed. The wight hits you but does no damage.
The wight hits you with a +0 great sword!
You die...

##### ...##
#...# ### #...
#.##
#z##########
#..##
#z@.#......#
#...##
###).......#
#.#..#
###......#
#.##.. #......#
#.##..
#......###.#..#
#.......##.#.##
#..............
#...>.........#
###.######..#.#


You could see 2 wights.

Vanquished Creatures
  3 wights (D:3)
  An orc priest (D:3)
  Terence (D:3)
  Natasha (thrice) (D:2)
  10 gnolls
  3 adders
  A worm (D:2)
  3 dart slugs
  6 orcs (D:3)
  7 bats
  2 endoplasms
  4 giant cockroaches
  4 hobgoblins
  6 kobolds
  2 quokkas (D:2)
  6 ball pythons
  4 frilled lizards (D:3)
  2 goblins
  A rat (D:1)
69 creatures vanquished.

Notes
Turn   | Place    | Note
-------+----------+-------------------------------------------
     0 | D:1      | Gargoyl the Gargoyle Berserker began the quest for the Orb.
     0 | D:1      | Reached XP level 1. HP: 14/14 MP: 1/1
   279 | D:1      | Reached XP level 2. HP: 19/19 MP: 2/2
   391 | D:1      | Found Qeva's Antique Weapon Shop.
   822 | D:2      | Reached skill level 3 in Axes
   881 | D:2      | Identified a scroll of acquirement
   881 | D:2      | Acquired a manual of Armour
   887 | D:2      | Noticed Natasha
   900 | D:2      | Killed Natasha
   901 | D:2      | Reached XP level 3. HP: 19/24 MP: 3/3
  1020 | D:2      | Noticed Natasha
  1033 | D:2      | Killed Natasha
  1034 | D:2      | Reached XP level 4. HP: 13/29 MP: 4/4
  1207 | D:2      | Noticed Natasha
  1212 | D:2      | Reached ** piety under Trog
  1220 | D:2      | Killed Natasha
  1221 | D:2      | Reached XP level 5. HP: 33/33 MP: 5/5
  1700 | D:2      | Reached skill level 4 in Axes
  2240 | D:3      | Reached XP level 6. HP: 39/39 MP: 6/6
  2272 | D:3      | Found an ornate altar of the Wu Jian Council.
  2338 | D:3      | Noticed Terence
  2377 | D:3      | Killed Terence
  2632 | D:3      | Reached skill level 5 in Axes
  2641 | D:3      | Reached XP level 7. HP: 30/44 MP: 7/7
  2647 | D:3      | Slain by a wight

Illustrated notes

Levels and vault maps discovered:
D:1:      wander_arrival_abandoned_jail, layout_basic, serial_shops,
          nicolae_shop_dealshenge, grunt_decor_junction
D:2:      layout_basic, serial_corexii_hall, corexii_hall_statues_i,
          chequers_hall_statues_wall_a, minmay_tree_intersection,
          minmay_misc_feat_tiny, uniq_natasha
D:3:      layout_rooms, nicolae_wu_jian_wuxing_cycle, kennysheep_generic_room_4,
          uniq_terence

Skill      XL: |  1  2  3  4  5  6 |
---------------+-------------------+-----
Axes           | 3 4 5 |  5.3
Dodging        | 2 |  2.8
Fighting       | 4 |  4.7
Armour         | 3 4 |  4.6
Stealth        | |  0.1

Action                     |  1- 3 |  4- 6 |  7- 9 || total
---------------------------+-------+-------+-------++-------
  Melee: Hand axe          |    96 |   137 |       ||   233
         War axe           |       |    21 |     2 ||    23
 Invoke: Berserk           |     2 |     6 |       ||     8
         Trog's Hand       |       |     1 |     1 ||     2
    Use: Scroll            |     7 |       |       ||     7
 Armour: Animal skin       |    40 |       |       ||    40
         Ring mail         |    42 |    84 |       ||   126
         Chain mail        |       |    36 |     7 ||    43
  Dodge: Dodged            |    70 |    86 |       ||   156

Table legend: (Time is in decaauts)
 A = Elapsed time spent in this place.
 B = Non-inter-level travel time spent in this place.
 C = Inter-level travel time spent in this place.
 D = Time resting spent in this place.
 E = Time spent auto-exploring this place.
 F = Levels seen in this place.
 G = Mean time per level.
                   A        B        C        D        E       F      G
               +--------+--------+--------+--------+--------+-----+--------+
         Total |   2746 |   2695 |     51 |    186 |   1746 |   3 |  915.3 |
       Dungeon |   2746 |   2695 |     51 |    186 |   1746 |   3 |  915.3 |
               +--------+--------+--------+--------+--------+-----+--------+

Top non-repeatable levels by time:
     D:2: 1406 daAuts
     D:1: 814 daAuts
     D:3: 525 daAuts
